 Dungeon Crawl Stone Soup version 0.26-a0-466-g989023bd0d (webtiles) character file.

Game seed: 9960940551137956600

769 gruber the Sneak (level 7, -10/41 HPs)
             Began as an Octopode Conjurer on Aug 7, 2020.
             Splashed by a jelly's acid (11 damage)
             ... on level 5 of the Dungeon.
             The game lasted 00:04:32 (4905 turns).

gruber the Sneak (Octopode Conjurer)                Turns: 4905, Time: 00:04:33

Health: -10/41     AC: -3    Str:  6    XL:     7   Next: 82%
Magic:  2/10       EV: 15    Int: 23    God:
Gold:   345        SH:  0    Dex: 16    Spells: 4/10 levels left

rFire    . . .     SeeInvis .   h - +1 dagger (venom)
rCold    . . .     Faith    .   (no shield)
rNeg     . . .     Spirit   .   (helmet restricted)
rPois    .         Reflect  .   (no amulet)
rElec    .         Harm     .   g - +4 ring of protection
rCorr    .                      k - +6 ring of dexterity
MR       .....                  (no ring)
Stlth    +++++.....             (no ring)
HPRegen  0.13/turn              (no ring)
MPRegen  0.12/turn              (no ring)
                                (no ring)
                                (no ring)

@: marked, corroded
A: almost no armour, stealthy swim, amphibious, 8 rings, constrict 8, camouflage
1, gelatinous body 1
a: no special abilities


You were on level 5 of the Dungeon.
You visited 1 branch of the dungeon, and saw 5 of its levels.

You collected 345 gold pieces.

Inventory:

Hand Weapons
 h - a +1 dagger of venom (weapon)
 y - a +4 flail
Jewellery
 g - a +4 ring of protection (left tentacle)
 k - a +6 ring of dexterity (right tentacle)
 x - an uncursed ring of flight
Wands
 z - a wand of enslavement (14)
 A - a wand of polymorph (11)
Scrolls
 a - 3 scrolls of enchant weapon {unknown}
 e - 8 scrolls of identify {unknown}
 j - 2 scrolls of enchant armour {unknown}
 l - 4 scrolls of remove curse {unknown}
 m - 2 scrolls of magic mapping {unknown}
 n - 5 scrolls of random uselessness {unknown}
 q - 2 scrolls of teleportation {unknown}
 t - a scroll of fog {unknown}
 w - a scroll of noise {unknown}
Potions
 b - a potion of berserk rage {unknown}
 c - 3 potions of haste {unknown}
 d - 5 potions of heal wounds {unknown}
 f - a potion of invisibility {unknown}
 i - a potion of magic {unknown}
 o - a potion of might {unknown}
 p - 2 potions of ambrosia {unknown}
 r - a potion of brilliance {unknown}
 s - a potion of degeneration {unknown}
 u - a potion of curing {unknown}
 v - a potion of flight {unknown}


   Skills:
 - Level 4.2 Dodging
 - Level 7.2 Stealth
 - Level 2.1 Spellcasting
 + Level 7.0 Conjurations


You had 4 spell levels left.
You knew the following spells:

 Your Spells              Type           Power        Failure   Level
a - Magic Dart            Conj           ####         1%          1
b - Searing Ray           Conj           ####..       1%          2
c - Dazzling Flash        Conj/Hex       ###...       9%          3

Your spell library contained the following spells:

 Spells                   Type           Power        Failure   Level
 Fulminant Prism          Conj/Hex       ###.......   30%         4
 Iskenderun's Mystic Bla  Conj/Tloc      ###.....     30%         4


Dungeon Overview and Level Annotations

Branches:
Dungeon (5/15)
 Temple: D:4-7

Altars:
Ashenzari
Nemelex Xobeh
Okawaru
Qazlal
Trog
The Shining One

Shops:
D:4 (

Annotations:
D:2 1 runed translucent door, Crazy Yiuf


Innate Abilities, Weirdness & Mutations

You cannot wear most types of armour.
You are very stealthy in the water. (Stealth+)
You are amphibious.
You can wear up to eight rings at the same time.
You can use your tentacles to constrict eight enemies at once.
Your skin changes colour to match your surroundings (Stealth+).
Your rubbery body absorbs attacks. (AC +1, EV +1)


Message History

You hit the jelly.
Your tentacles burn!
The jelly is lightly wounded.
The jelly hits you. The acid corrodes you!
You are splashed with acid!
You hit the jelly but do no damage. The acid corrodes you!
Your tentacles burn!
You squeeze the jelly.
The jelly is moderately wounded.
The jelly hits you.
You are splashed with acid!
* * * LOW HITPOINT WARNING * * *
You hit the jelly but do no damage.
The jelly is poisoned.
Your tentacles burn!
* * * LOW HITPOINT WARNING * * *
The jelly is moderately wounded.
The jelly closely misses you.
You hit the jelly but do no damage.
Your tentacles burn!
* * * LOW HITPOINT WARNING * * *
The jelly is moderately wounded.
The jelly jiggles.
The jelly hits you.
* * * LOW HITPOINT WARNING * * *
You are splashed with acid!
You die...

####......# #........
#.........# #........
#.........# #........
#...).....###......>.
######...)...<............
#..........#######........
#..........# #........
#........J.#######........
#........@.#..............
######.....#..............
#####.#..............
#.#.......####.##
#............#.##
###.......##.#...
#.......##.###.
#.......##.# #.
#.......##.# #.


You could see a jelly (very poisoned).

Vanquished Creatures
  A sky beast (D:5)
  A phantom (D:5)
  2 ogres (D:5)
  A scorpion (D:4)
  A howler monkey (D:5)
  A hound (D:5)
  An orc wizard (D:3)
  2 iguanas
  Jessica (D:3)
  2 worker ants
  6 adders
  2 ufetubi (D:5)
  2 worms
  3 leopard geckos
  11 orcs
  6 giant cockroaches
  7 goblins
  5 hobgoblins
  2 jackals (D:1)
  7 kobolds
  2 ball pythons
  8 bats
  6 frilled lizards
  7 rats
87 creatures vanquished.

Notes
Turn   | Place    | Note
-------+----------+-------------------------------------------
     0 | D:1      | gruber the Octopode Conjurer began the quest for the Orb.
     0 | D:1      | Reached XP level 1. HP: 11/11 MP: 3/3
   619 | D:1      | Reached XP level 2. HP: 17/17 MP: 5/5
  1549 | D:2      | Reached XP level 3. HP: 16/21 MP: 6/6
  1556 | D:2      | Learned a level 2 spell: Searing Ray
  1560 | D:2      | Learned a level 3 spell: Dazzling Flash
  2029 | D:2      | Found a runed translucent door.
  2030 | D:2      | Noticed Crazy Yiuf
  2208 | D:2      | Found a shattered altar of Ashenzari.
  2210 | D:2      | Found a bloodstained altar of Trog.
  2429 | D:2      | Reached XP level 4. HP: 27/27 MP: 7/7
  2589 | D:3      | Reached skill level 5 in Stealth
  2589 | D:3      | Reached skill level 5 in Conjurations
  2589 | D:3      | Reached XP level 5. HP: 25/31 MP: 4/8
  2670 | D:3      | Found a stormy altar of Qazlal.
  3006 | D:3      | Noticed Jessica
  3009 | D:3      | Killed Jessica
  3345 | D:4      | Found Noeca's Weapon Shop.
  3361 | D:4      | Reached XP level 6. HP: 32/36 MP: 5/9
  3812 | D:4      | Found a glowing golden altar of the Shining One.
  3812 | D:4      | Found an iron altar of Okawaru.
  3817 | D:4      | Found a sparkling altar of Nemelex Xobeh.
  3819 | D:4      | Found a faded altar of an unknown god.
  3821 | D:4      | Found a faded altar of an unknown god.
  3879 | D:5      | Entered Level 5 of the Dungeon
  4163 | D:5      | Reached XP level 7. HP: 41/41 MP: 6/10
  4905 | D:5      | HP: 1/41 [jelly (2)]
  4905 | D:5      | Splashed by a jelly's acid

Illustrated notes

Levels and vault maps discovered:
D:1:      matt_arrival_diagonals, layout_loops_ring
D:2:      layout_loops_ring, chequers_temple_overflow_statue_of_worship,
          uniq_crazy_yiuf_cottage
D:3:      layout_loops_cross, nicolae_overflow_crystal_walls, serial_bayou,
          serial_bayou_pond_d, serial_bayou_pond_c, serial_bayou_pond_e,
          serial_bayou_shore_b, uniq_jessica
D:4:      layout_rooms, chequers_temple_overflow_minitemple, serial_shops,
          nicolae_shop_trees
D:5:      layout_basic, kennysheep_mini_moat

Skill      XL: |  1  2  3  4  5  6  7 |
---------------+----------------------+-----
Stealth        | 3 4 5 6 7 |  7.2
Conjurations   | 5 6 7 |  7.0
Dodging        | 3 4 |  4.2
Spellcasting   | |  2.1

Action                   |  1- 3 |  4- 6 |  7- 9 || total
-------------------------+-------+-------+-------++-------
Melee: Dagger            |    73 |    34 |    24 ||   131
       Constrict         |    15 |     7 |     2 ||    24
       Tentacles         |     6 |     2 |     3 ||    11
 Cast: Magic Dart        |     6 |     4 |     2 ||    12
       Searing Ray       |       |    11 |    12 ||    23
 Stab: Sleeping          |    12 |    12 |       ||    24
       Distracted        |     1 |     1 |       ||     2
Armor: Skin              |    11 |     7 |     7 ||    25
Dodge: Dodged            |    45 |    18 |    20 ||    83

Table legend: (Time is in decaauts)
 A = Elapsed time spent in this place.
 B = Non-inter-level travel time spent in this place.
 C = Inter-level travel time spent in this place.
 D = Time resting spent in this place.
 E = Time spent auto-exploring this place.
 F = Levels seen in this place.
 G = Mean time per level.
                   A        B        C        D        E       F      G
               +--------+--------+--------+--------+--------+-----+--------+
         Total |   4902 |   4826 |     76 |     48 |   4079 |   5 |  980.4 |
       Dungeon |   4902 |   4826 |     76 |     48 |   4079 |   5 |  980.4 |
               +--------+--------+--------+--------+--------+-----+--------+

Top non-repeatable levels by time:
     D:1: 1540 daAuts
     D:5: 1025 daAuts
     D:2: 993 daAuts
     D:3: 712 daAuts
     D:4: 629 daAuts
